 Dungeon Crawl Stone Soup version 0.30-a0-972-gf3ab3527aa (webtiles) character file.

Game seed: 10221324563882126763

1877 dredge the Cudgeller (level 9, -5/68 HPs)
             Began as a Human Berserker on Mar 31, 2023.
             Was a Priest of Trog.
             Slain by an ice beast (11 damage)
             ... on level 7 of the Dungeon on Apr 1, 2023.
             The game lasted 00:12:59 (5614 turns).

dredge the Cudgeller (Human Berserker)              Turns: 5614, Time: 00:12:59

Health: -5/68      AC: 15    Str: 20    XL:     9   Next: 36%
Magic:  9/9        EV:  7    Int:  8    God:    Trog [***...]
Gold:   375        SH:  8    Dex: 13    Spells: 8/8 levels left

rFire   . . .      SeeInvis +    q - +6 hammer of Fyoc {freeze, rPois rCorr Str-4 SInv}
rCold   . . .      Faith    .    z - +0 kite shield
rNeg    . . .      Spirit   .    k - +4 chain mail of Ediytot {Str+3}
rPois   +          Reflect  .    (no helmet)
rElec   .          Rampage  .    s - +0 cloak
rCorr   +                        (no gloves)
Will    .....                    (no boots) Stlth
                                 (no amulet)
HPRegen 0.31/turn                (no ring)
MPRegen 0.11/turn                (no ring)

@: no status effects
A: no striking features
a: Renounce Religion, Berserk, Trog's Hand


You were on level 7 of the Dungeon.
You worshipped Trog.
Trog was most pleased with you.
You visited 1 branch of the dungeon, and saw 7 of its levels.

You collected 375 gold pieces.

Inventory:

Hand Weapons
 q - the +6 hammer of Fyoc (weapon) {freeze, rPois rCorr Str-4 SInv}
   (You found it on level 3 of the Dungeon)

   Str:       It affects your strength (-4).
   rPois:     It protects you from poison.
   SInv:      It lets you see invisible.
   rCorr:     It protects you from acid and corrosion.
 r - a +4 quarterstaff of chaos
 G - a +2 heavy falchion
Missiles
 e - 19 poisoned darts (quivered)
 y - 3 silver javelins
Armour
 k - the +4 chain mail of Ediytot (worn) {Str+3}
   (You found it on level 2 of the Dungeon)

   Str:       It affects your strength (+3).
 s - a +0 cloak (worn)
 z - a +0 kite shield (worn)
 D - a scarf of invisibility
Jewellery
 d - a ring of fire
 o - a ring of ice
 x - an amulet of regeneration
Scrolls
 a - a scroll of enchant armour {unknown}
 b - 2 scrolls of teleportation {unknown}
 c - 2 scrolls of fog {unknown}
 g - 3 scrolls of vulnerability {unknown}
 h - a scroll of enchant weapon {unknown}
 i - a scroll of magic mapping {unknown}
 m - 3 scrolls of identify {unknown}
 n - 3 scrolls of amnesia {unknown}
 u - a scroll of poison {unknown}
 w - 2 scrolls of noise {unknown}
Potions
 f - a potion of degeneration {unknown}
 j - a potion of cancellation {unknown}
 l - 2 potions of attraction {unknown}
 p - a potion of curing
 t - 2 potions of ambrosia {unknown}
 v - a potion of berserk rage {unknown}
 A - a potion of mutation {unknown}
 B - a potion of brilliance {unknown}
 C - 2 potions of magic {unknown}
 E - a potion of heal wounds {unknown}
 F - a potion of flight {unknown}


   Skills:
 + Level 5.4 Fighting
 + Level 3.8 Long Blades
 + Level 7.1 Maces & Flails
 + Level 6.4 Armour
 + Level 3.0 Dodging
 + Level 1.1 Stealth
 + Level 2.8 Shields


You had 8 spell levels left.
You didn't know any spells.
Your spell library contained the following spells:

 Spells                   Type           Power      Damage    Failure   Level
 Sandblast                Erth           0%         2d4       100%        1
 Blink                    Tloc           0%         N/A       100%        2
 Cigotuvi's Dreadful Rot  Necr/Pois/Air  0%         N/A       100%        2
 Lesser Beckoning         Tloc           0%         N/A       100%        2
 Momentum Strike          Conj/Tloc      0%         3d8       100%        2
 Passwall                 Tmut/Erth      0%         N/A       100%        2
 Gell's Gravitas          Tloc           0%         N/A       100%        3
 Stone Arrow              Conj/Erth      0%         3d7       100%        3
 Dispel Undead            Necr           0%         3d6       100%        4
 Fireball                 Conj/Fire      0%         3d3       100%        5
 Death Channel            Necr           0%         N/A       100%        6


Dungeon Overview and Level Annotations

Branches:
Dungeon (7/15)             Temple (0/1) D:6

Altars:
Vehumet
Zin

Shops:
D:3 (

Annotations:
D:6 exclusion: statue
D:7 1 transporter


Message History

You block the iguana's attack. The orc hits you but does no damage.
An ice beast comes into view.
The iguana bites you but does no damage. x2
You closely miss the iguana.
The iguana is severely wounded.
The iguana barely misses you. The orc hits you but does no damage.
The iguana bites you but does no damage.
You sock the iguana!
The iguana seems to slow down.
You freeze the iguana.
You kill the iguana!
Trog accepts your kill. The orc barely misses you. The iguana bites you.
* * * LOW HITPOINT WARNING * * *
The iguana attacks as you move away! You block the iguana's attack.
You thump the orc! You freeze the orc.
You kill the orc!
Trog accepts your kill.
You sock the iguana!
The iguana seems to slow down.
You freeze the iguana.
The iguana is heavily wounded.
Your skin stops crawling.
You feel less strong-willed. The iguana bites you!
* * * LOW HITPOINT WARNING * * *
You barely miss the iguana.
The iguana is heavily wounded.
The orc hits you but does no damage.
You sock the iguana! You freeze the iguana.
You kill the iguana!
Trog accepts your kill. You block the orc's attack.
The orc hits you but does no damage.
The ice beast hits you but does no damage.
Your Dodging skill increases to level 3!
You closely miss the ice beast. The orc hits you with a +0 dagger.
* * * LOW HITPOINT WARNING * * *
The ice beast hits you.
* * * LOW HITPOINT WARNING * * *
The ice beast freezes you!
* * * LOW HITPOINT WARNING * * *
You feel better. The ice beast hits you.
* * * LOW HITPOINT WARNING * * *
The ice beast freezes you!
You die...

### . ###### .. .
. #....# .# ..# .
###....####.#...#
.
+.........o<<.#.#
#
###......@#..(.$#
#...###Y#..####
#...#..).o## ....
#...#.#.#.# #
.... #...#.#...#
# #>..
####......#..
##...
#..+......+...
.#.###
#.##......# ..
......
#.........# ...


You could see an ice beast and an orc.

Vanquished Creatures
  An unseen horror (D:6)
  A water moccasin (D:7)
  A sky beast (D:5)
  A phantom (D:5)
  A kobold brigand (D:6)
  A bullfrog (D:6)
  2 scorpions
  8 wights
  2 howler monkeys
  6 hounds
  2 orc priests (D:6)
  Crazy Yiuf (D:3)
  3 iguanas
  4 orc wizards
  3 gnolls (D:4)
  4 adders
  A white imp (D:6)
  2 ufetubi (D:7)
  2 worms
  3 dart slugs
  10 orcs
  8 ball pythons
  3 endoplasms
  A giant cockroach (D:1)
  4 goblins
  2 hobgoblins
  3 quokkas
  6 bats
  3 frilled lizards
  10 kobolds
  4 rats
103 creatures vanquished.

Notes
Turn   | Place    | Note
-------+----------+-------------------------------------------
     0 | D:1      | dredge the Human Berserker began the quest for the Orb.
     0 | D:1      | Reached XP level 1. HP: 18/18 MP: 1/1
   133 | D:1      | Reached XP level 2. HP: 24/24 MP: 2/2
   729 | D:1      | Found Wenol's Assorted Antiques.
   753 | D:1      | Reached XP level 3. HP: 29/29 MP: 3/3
  1142 | D:2      | Identified the +4 chain mail of Ediytot {Str+3}
  1348 | D:2      | Got the Folio of Flaming Relocation
  1441 | D:2      | Found a glowing silver altar of Zin.
  1514 | D:2      | Reached ** piety under Trog
  2048 | D:3      | Found Cyofrow's Antique Weapon Boutique.
  2111 | D:3      | Identified the +6 hammer of Fyoc {freeze, rPois rCorr Str-4
                  | SInv}
  2114 | D:3      | Found a runed translucent door.
  2115 | D:3      | Noticed Crazy Yiuf
  2120 | D:3      | Killed Crazy Yiuf
  2121 | D:3      | Reached XP level 4. HP: 37/37 MP: 4/4
  2378 | D:4      | Reached skill level 1 in Maces & Flails
  2411 | D:4      | Reached XP level 5. HP: 42/42 MP: 5/5
  2491 | D:4      | Reached skill level 2 in Maces & Flails
  2677 | D:4      | Reached skill level 3 in Maces & Flails
  2677 | D:4      | Reached XP level 6. HP: 46/48 MP: 6/6
  3055 | D:5      | Entered Level 5 of the Dungeon
  3316 | D:5      | Noticed a sky beast
  3322 | D:5      | Killed a sky beast
  3399 | D:5      | Reached XP level 7. HP: 54/54 MP: 7/7
  3463 | D:5      | Reached skill level 4 in Maces & Flails
  3463 | D:5      | Reached skill level 1 in Stealth
  4334 | D:6      | Reached skill level 5 in Maces & Flails
  4356 | D:6      | Reached XP level 8. HP: 59/61 MP: 8/8
  4378 | D:6      | Reached *** piety under Trog
  4430 | D:6      | Found a radiant altar of Vehumet.
  4449 | D:6      | Found a staircase to the Ecumenical Temple.
  4516 | D:6      | Reached skill level 1 in Shields
  4631 | D:6      | Reached skill level 6 in Maces & Flails
  4779 | D:6      | Reached skill level 5 in Armour
  4857 | D:6      | Noticed an unseen horror
  4872 | D:6      | Killed an unseen horror
  4873 | D:6      | Reached skill level 5 in Fighting
  4873 | D:6      | Reached XP level 9. HP: 54/68 MP: 9/9
  5389 | D:7      | Reached skill level 7 in Maces & Flails
  5534 | D:7      | Found a transporter.
  5613 | D:7      | HP: 2/68 [ice beast (9)]
  5614 | D:7      | Slain by an ice beast

Illustrated notes

Levels and vault maps discovered:
D:1:      shiori_arrival_oz, layout_basic, serial_shops, nicolae_shop_trees
D:2:      layout_basic, basic_altar
D:3:      layout_basic, serial_shops, shop_fountains, patterned_corridor,
          uniq_crazy_yiuf_cottage
D:4:      layout_loops_ring
D:5:      layout_layer_cave
D:6:      layout_loops_ring, vehumet_statue, minmay_temple_entry_glass
D:7:      gammafunk_corrupted_shrine, layout_basic, nicolae_lava_and_water,
          minmay_bent, uniq_prince_ribbit1, uniq_maggie

Skill      XL: |  1  2  3  4  5  6  7  8  9 |
---------------+----------------------------+-----
Maces & Flails | 1 3 5 6 7 |  7.1
Fighting       | 4 5 |  5.4
Armour         | 3 4 5 6 |  6.4
Stealth        | 1 |  1.1
Shields        | 2 |  2.8
Dodging        | 3 |  3.0
Long Blades    | |  3.8

Action                     |  1- 3 |  4- 6 |  7- 9 || total
---------------------------+-------+-------+-------++-------
  Melee: Falchion          |    48 |       |       ||    48
         Whip              |    51 |       |       ||    51
         Mace              |     2 |    60 |   166 ||   228
         Punch             |       |     2 |       ||     2
 Invoke: Trog's Hand       |       |       |     2 ||     2
    Use: Potion            |       |       |     4 ||     4
   Stab: Distracted        |     1 |       |       ||     1
 Armour: Animal skin       |     6 |       |       ||     6
         Chain mail        |    41 |    31 |   104 ||   176
  Dodge: Dodged            |    46 |    25 |    54 ||   125
  Block: Kite shield       |       |     6 |    72 ||    78

Table legend: (Time is in decaauts)
 A = Elapsed time spent in this place.
 B = Non-inter-level travel time spent in this place.
 C = Inter-level travel time spent in this place.
 D = Time resting spent in this place.
 E = Time spent auto-exploring this place.
 F = Levels seen in this place.
 G = Mean time per level.
                   A        B        C        D        E       F      G
               +--------+--------+--------+--------+--------+-----+--------+
         Total |   5694 |   5331 |    363 |    126 |   4261 |   7 |  813.4 |
       Dungeon |   5694 |   5331 |    363 |    126 |   4261 |   7 |  813.4 |
               +--------+--------+--------+--------+--------+-----+--------+

Top non-repeatable levels by time:
     D:6: 1216 daAuts
     D:5: 1154 daAuts
     D:1: 1103 daAuts
     D:2: 787 daAuts
     D:4: 733 daAuts
     D:3: 454 daAuts
     D:7: 246 daAuts
